[Event "DVM U20w 2019"]
[Site "Braunschweig"]
[Date "2019.12.27"]
[Round "2"]
[White "Berelowitsch, Dana"]
[Black "de Veer, Mara"]
[Result "1-0"]
[ECO "B18"]
[WhiteElo "1792"]
[BlackElo "1447"]
[Annotator "NA"]
[PlyCount "70"]
[EventDate "2019.12.27"]
[EventType "team-tourn"]
[EventRounds "7"]
[EventCountry "GER"]
[SourceTitle "playchess.com"]
[Source "ChessBase"]
[SourceQuality "1"]
[WhiteTeam "SG Solingen"]
[BlackTeam "SC Borussia Lichtenberg"]
[TimeControl "40/5400+30:1800+30"]

1. e4 c6 2. d4 d5 3. Nc3 dxe4 4. Nxe4 Bf5 5. Ng3 Bg6 6. h4 h6 7. Nf3 e6 8. Ne5 Ne7 9. Nxg6 Nxg6 10. h5 Ne7 11. Qd3 Qc7 12. Bd2 Nd7 13. O-O-O O-O-O 14. Qa3 Qb8 15. Qf3 Nf6 16. Bf4 Qa8 17. Be5 Ned5 18. c4 Nb6 19. Bxf6 gxf6 20. Qxf6 Rh7 21. Bd3 Rg7 22. Ne4 Qb8 23. Qxh6 Qc7 24. Qf6 Rg8 25. h6 Be7 26. Qxf7 e5 27. Qe6+ Kb8 28. h7 Rh8 29. Qxe5 Qxe5 30. dxe5 Rdf8 31. g4 Rf7 32. Nf6 Bxf6 33. exf6 Rxf6 34. g5 {[%emt 0:00:35] normal} Rf7 {[%emt 0:00:45] normal} 35. g6 Rg7 {[%emt 0:00:19] normal} 1-0

[Event "DVM U20w 2019"]
[Site "Braunschweig"]
[Date "2019.12.27"]
[Round "2"]
[White "Ziegenfuß, Larissa"]
[Black "Bardorz, Jana"]
[Result "1/2-1/2"]
[ECO "C78"]
[WhiteElo "1755"]
[BlackElo "2054"]
[Annotator "NA"]
[PlyCount "57"]
[EventDate "2019.12.27"]
[EventType "team-tourn"]
[EventRounds "7"]
[EventCountry "GER"]
[SourceTitle "playchess.com"]
[Source "ChessBase"]
[SourceQuality "1"]
[WhiteTeam "SG Blau-Weiß Stadtilm"]
[BlackTeam "SC Bavaria Regensburg"]
[TimeControl "40/5400+30:1800+30"]

1. e4 e5 2. Nf3 Nc6 3. Bb5 a6 4. Ba4 Nf6 5. O-O b5 6. Bb3 Bc5 7. c3 d6 8. d4 Bb6 9. h3 Bb7 10. Re1 h6 11. a4 O-O 12. axb5 axb5 13. Rxa8 Bxa8 14. Na3 exd4 15. cxd4 Na5 16. d5 Nxb3 17. Qxb3 Re8 18. Qd3 c6 19. dxc6 Bxc6 20. e5 Bxf3 21. Qxf3 Rxe5 22. Rxe5 dxe5 23. Nxb5 Nd5 24. Nc3 Nb4 25. Qg3 Nd3 {[%emt 0:04:36] normal} 26. Be3 {[%emt 0:04:13] normal} Bxe3 {[%emt 0:02:43] normal} 27. Qxe3 {[%emt 0:01:29] normal} Nxb2 28. Qxe5 {[%emt 0:01:53] normal} Nc4 {[%emt 0:01:20] normal} 29. Qe4 {[%emt 0:02:00] normal} 1/2-1/2

[Event "DVM U20w 2019"]
[Site "Braunschweig"]
[Date "2019.12.27"]
[Round "2"]
[White "Kiesel, Lara"]
[Black "Jacoby, Angelina"]
[Result "1/2-1/2"]
[ECO "B01"]
[WhiteElo "1732"]
[BlackElo "1635"]
[Annotator "NA"]
[PlyCount "80"]
[EventDate "2019.12.27"]
[EventType "team-tourn"]
[EventRounds "7"]
[EventCountry "GER"]
[SourceTitle "playchess.com"]
[Source "ChessBase"]
[SourceQuality "1"]
[WhiteTeam "SK Lehrte 1919"]
[BlackTeam "Leegebrucher SF"]
[TimeControl "40/5400+30:1800+30"]

1. e4 d5 2. exd5 Qxd5 3. Nc3 Qa5 4. d4 c6 5. Bd2 Qc7 6. Bc4 Nf6 7. Qe2 Bf5 8. O-O-O e6 9. h3 h5 10. Nf3 Nbd7 11. Ne5 Nxe5 12. dxe5 Nd7 13. g4 Bg6 14. f4 O-O-O 15. Rhf1 hxg4 16. hxg4 Bb4 17. Rde1 Nb6 18. Bb3 Qe7 19. f5 exf5 20. gxf5 Bh5 21. Qg2 Qf8 22. e6 Be7 23. Ne4 Nd5 24. Rg1 g6 25. f6 Nxf6 26. Bc3 fxe6 27. Bxe6+ Kb8 28. Rgf1 Qh6+ 29. Qg5 Nxe4 30. Qxh6 Rxh6 31. Rxe4 Bg5+ 32. Kb1 Rh7 33. b3 Re7 34. Bb4 Ree8 35. Rfe1 Rd1+ 36. Rxd1 Bxd1 37. Re1 Bh5 38. Bd6+ Ka8 39. Bg3 Rd8 40. Bf7 Rd1+ {[%emt 0:01:25] normal} 1/2-1/2

[Event "DVM U20w 2019"]
[Site "Braunschweig"]
[Date "2019.12.27"]
[Round "2"]
[White "Peglau, Charis"]
[Black "Sokolowski, Judith"]
[Result "0-1"]
[ECO "D37"]
[WhiteElo "1728"]
[BlackElo "1722"]
[Annotator "NA"]
[PlyCount "85"]
[EventDate "2019.12.27"]
[EventType "team-tourn"]
[EventRounds "7"]
[EventCountry "GER"]
[SourceTitle "playchess.com"]
[Source "ChessBase"]
[SourceQuality "1"]
[WhiteTeam "Schachzentrum Seeblick"]
[BlackTeam "Düsseldorfer SK"]
[TimeControl "40/5400+30:1800+30"]

1. d4 d5 2. c4 e6 3. Nf3 Nf6 4. Nc3 Nbd7 5. e3 Bd6 6. Bd2 b6 7. Rc1 c6 8. cxd5 exd5 9. Bd3 O-O 10. O-O Re8 11. a3 c5 12. Nb5 Bf8 13. Re1 c4 14. Be2 a6 15. Nc3 b5 16. h3 Bd6 17. Qc2 Nb6 18. Na2 a5 19. Nc3 Bd7 20. Bf1 b4 21. axb4 axb4 22. Ne2 Ra2 23. Ra1 Qa8 24. Qb1 Rxa1 25. Qxa1 Qb7 26. Qb1 Ne4 27. Rc1 Ra8 28. Be1 Qc8 29. Rd1 Ba4 30. Rc1 Bb3 31. Nd2 Nxd2 32. Bxd2 Qa6 33. Qf5 Qa2 34. Qb1 Na4 35. Qf5 Nb6 36. Qb1 Na4 37. Qf5 Nxb2 38. Qxd5 c3 39. Qxd6 cxd2 40. Qxb4 d1=Q 41. Rxd1 Nxd1 42. g3 g6 43. e4 {[%emt 0:00:00] normal} 0-1

[Event "DVM U20w 2019"]
[Site "Braunschweig"]
[Date "2019.12.27"]
[Round "2"]
[White "Rudolph, Eva"]
[Black "Peglau, Sarah"]
[Result "1-0"]
[ECO "C10"]
[WhiteElo "1711"]
[BlackElo "1760"]
[Annotator "NA"]
[PlyCount "50"]
[EventDate "2019.12.27"]
[EventType "team-tourn"]
[EventRounds "7"]
[EventCountry "GER"]
[SourceTitle "playchess.com"]
[Source "ChessBase"]
[SourceQuality "1"]
[WhiteTeam "Düsseldorfer SK"]
[BlackTeam "Schachzentrum Seeblick"]
[TimeControl "40/5400+30:1800+30"]

1. e4 e6 2. d4 d5 3. Nd2 dxe4 4. Nxe4 Bd7 5. Nf3 Bc6 6. Bd3 Nd7 7. O-O Ngf6 8. Nxf6+ Qxf6 9. Be2 Bd6 10. c4 Bxf3 11. Bxf3 c6 12. Be3 O-O 13. Qd2 Rad8 14. Bg5 Qg6 15. Bxd8 Rxd8 16. d5 Ne5 17. Be2 exd5 18. cxd5 c5 19. f4 Nd7 20. Rae1 Nf6 21. Bd3 Qh5 22. Be2 Qf5 23. g3 b6 24. Bd1 Nxd5 25. Bb3 {[%emt 0:05:13] normal} Nb4 {[%emt 0:06:26] normal} 1-0

[Event "DVM U20w 2019"]
[Site "Braunschweig"]
[Date "2019.12.27"]
[Round "2"]
[White "Schiewe, Nadin"]
[Black "Thiele, Lea-Marie"]
[Result "1-0"]
[ECO "A48"]
[WhiteElo "1629"]
[BlackElo "1061"]
[Annotator "NA"]
[PlyCount "81"]
[EventDate "2019.12.27"]
[EventType "team-tourn"]
[EventRounds "7"]
[EventCountry "GER"]
[SourceTitle "playchess.com"]
[Source "ChessBase"]
[SourceQuality "1"]
[WhiteTeam "Leegebrucher SF"]
[BlackTeam "SK Lehrte 1919"]
[TimeControl "40/5400+30:1800+30"]

1. d4 Nf6 2. Nf3 g6 3. Nbd2 Bg7 4. e4 d6 5. Bd3 Nbd7 6. O-O e5 7. c3 O-O 8. Nc4 Nh5 9. Be3 b6 10. Qd2 Nf4 11. Bxf4 exf4 12. Qxf4 Nf6 13. e5 dxe5 14. Ncxe5 Nh5 15. Qd2 Be6 16. Be4 Rb8 17. Nc6 Qf6 18. Nxb8 Rxb8 19. Ne5 Qh4 20. Rfe1 Rd8 21. Nc6 Rd6 22. Bf3 Nf4 23. Qe3 Bh6 24. Qe4 Rd5 25. Ne5 Rb5 26. Nd3 Rg5 27. Nxf4 Bh3 28. Nxh3 Qxh3 29. Qe8+ Bf8 30. Bd5 Qf5 31. Re5 Qf6 32. Rxg5 Qg7 33. Re5 Qf6 34. Rae1 Qf4 35. Re7 Qf6 36. Rxf7 Qd6 37. Rd7+ Qxd5 38. Rxd5 a5 39. Rd7 c6 40. Qf7+ Kh8 41. Qxh7# {normal} 1-0

[Event "DVM U20w 2019"]
[Site "Braunschweig"]
[Date "2019.12.27"]
[Round "2"]
[White "Pavlov, Liliane"]
[Black "Schmidt, Pauline"]
[Result "1-0"]
[ECO "E15"]
[WhiteElo "1623"]
[BlackElo "1628"]
[Annotator "NA"]
[PlyCount "54"]
[EventDate "2019.12.27"]
[EventType "team-tourn"]
[EventRounds "7"]
[EventCountry "GER"]
[SourceTitle "playchess.com"]
[Source "ChessBase"]
[SourceQuality "1"]
[WhiteTeam "SC Bavaria Regensburg"]
[BlackTeam "SG Blau-Weiß Stadtilm"]
[TimeControl "40/5400+30:1800+30"]

1. d4 Nf6 2. c4 e6 3. Nf3 b6 4. g3 Ba6 5. b3 Bb4+ 6. Bd2 Be7 7. Nc3 d5 8. cxd5 exd5 9. Bg2 Bb7 10. O-O O-O 11. Rc1 a6 12. Re1 Nbd7 13. Qc2 Rc8 14. h3 c5 15. Qb2 cxd4 16. Nxd4 Bc5 17. Na4 b5 18. Nxc5 Nxc5 19. Bb4 Nfd7 20. Nf5 Qg5 21. Nd6 Rb8 22. Nxb7 Nxb7 23. Bxf8 Nxf8 24. Red1 Ne6 25. Bxd5 Ned8 26. Bxb7 Nxb7 27. Rd7 h6 {[%emt 0:00:12] normal} 1-0

[Event "DVM U20w 2019"]
[Site "Braunschweig"]
[Date "2019.12.27"]
[Round "2"]
[White "Rempe, Mieke"]
[Black "Jörs, Pia-Milena"]
[Result "0-1"]
[ECO "B18"]
[WhiteElo "1619"]
[BlackElo "1646"]
[Annotator "NA"]
[PlyCount "50"]
[EventDate "2019.12.27"]
[EventType "team-tourn"]
[EventRounds "7"]
[EventCountry "GER"]
[SourceTitle "playchess.com"]
[Source "ChessBase"]
[SourceQuality "1"]
[WhiteTeam "SK Doppelbauer Kiel"]
[BlackTeam "SG Güstrow/Teterow"]
[TimeControl "40/5400+30:1800+30"]

1. e4 c6 2. d4 d5 3. Nd2 dxe4 4. Nxe4 Bf5 5. Ng3 Bg6 6. Nf3 Nd7 7. Be3 e6 8. Qd2 Ngf6 9. O-O-O Bd6 10. Bf4 Qc7 11. Bxd6 Qxd6 12. h4 h6 13. h5 Bh7 14. Ne2 Qd5 15. Nc3 Qa5 16. Rh4 O-O-O 17. g4 Nd5 18. Nxd5 Qxd5 19. Qc3 Qxa2 20. Bc4 Qa4 21. d5 exd5 22. Bxd5 Nf6 23. g5 Qa1+ 24. Kd2 Rxd5+ 25. Rd4 Ne4+ {[%emt 0:00:37] normal} 0-1

[Event "DVM U20w 2019"]
[Site "Braunschweig"]
[Date "2019.12.27"]
[Round "2"]
[White "Sauer, Annika"]
[Black "Daoud, Shahnaz"]
[Result "1-0"]
[ECO "D05"]
[WhiteElo "1569"]
[BlackElo "1000"]
[Annotator "NA"]
[PlyCount "119"]
[EventDate "2019.12.27"]
[EventType "team-tourn"]
[EventRounds "7"]
[EventCountry "GER"]
[SourceTitle "playchess.com"]
[Source "ChessBase"]
[SourceQuality "1"]
[WhiteTeam "Leegebrucher SF"]
[BlackTeam "SK Lehrte 1919"]
[TimeControl "40/5400+30:1800+30"]

1. d4 d5 2. Nf3 Nf6 3. e3 e6 4. Bd3 Bd6 5. O-O Nbd7 6. b3 c6 7. Bb2 Ne4 8. Bxe4 dxe4 9. Nfd2 f5 10. Qh5+ g6 11. Qe2 Qf6 12. Nc4 Bc7 13. d5 Be5 14. Nxe5 Nxe5 15. dxc6 bxc6 16. Nd2 a5 17. Nc4 Ba6 18. Bxe5 Qxe5 19. Nxe5 Bxe2 20. Rfe1 Ba6 21. Nxc6 Bb7 22. Ne5 Rd8 23. Red1 Ke7 24. Nc4 Ra8 25. Rd2 Rhd8 26. Rad1 Rxd2 27. Rxd2 Bc6 28. Ne5 Rc8 29. Nxc6+ Rxc6 30. Kf1 Ra6 31. Ke2 a4 32. Rd4 axb3 33. axb3 Rd6 34. Rxd6 Kxd6 35. Kd2 Kc5 36. Kc3 e5 37. h4 h5 38. g3 Kb5 39. b4 Kc6 40. Kc4 Kb6 41. Kd5 Kb5 42. c4+ Kxb4 43. c5 Kb5 44. c6 Kb6 45. Kd6 Kb5 46. c7 Kc4 47. Kxe5 Kd3 48. c8=Q Ke2 49. Qc2+ Kf3 50. Kf6 Kg2 51. Kxg6 Kh3 52. Kxh5 Kg2 53. Qe2 Kh2 54. g4 Kh3 55. g5 Kg2 56. g6 Kh3 57. g7 Kh2 58. g8=R Kh3 59. Qf1+ Kh2 60. Qg2# {normal} 1-0

[Event "DVM U20w 2019"]
[Site "Braunschweig"]
[Date "2019.12.27"]
[Round "2"]
[White "Puls, Luisa"]
[Black "Birner, Lucy Jasmin"]
[Result "1-0"]
[ECO "C44"]
[WhiteElo "1551"]
[BlackElo "1611"]
[Annotator "NA"]
[PlyCount "89"]
[EventDate "2019.12.27"]
[EventType "team-tourn"]
[EventRounds "7"]
[EventCountry "GER"]
[SourceTitle "playchess.com"]
[Source "ChessBase"]
[SourceQuality "1"]
[WhiteTeam "SG Güstrow/Teterow"]
[BlackTeam "SK Doppelbauer Kiel"]
[TimeControl "40/5400+30:1800+30"]

1. e4 e5 2. Nf3 Nc6 3. d4 exd4 4. Nxd4 Nxd4 5. Qxd4 d6 6. Nc3 Be6 7. Be3 Nf6 8. Be2 g6 9. O-O Bg7 10. Rfd1 O-O 11. Qb4 b6 12. Bf3 Ng4 13. e5 Nxe3 14. fxe3 c5 15. Qa3 Rb8 16. exd6 Qd7 17. Be2 Rfd8 18. Nb5 a5 19. Rd2 Qc6 20. Rad1 Qe4 21. Bf3 Qc4 22. Na7 Bd7 23. Bd5 Qh4 24. Qb3 Rf8 25. Nc6 Bxc6 26. Bxc6 Be5 27. g3 Qg5 28. Rd5 Kg7 29. d7 Rfd8 30. Rf1 h5 31. Rxf7+ Kh6 32. Qd3 h4 33. Qe4 hxg3 34. Rxe5 gxh2+ 35. Kxh2 Qxe5+ 36. Qxe5 Rg8 37. Qf4+ g5 38. Qe4 g4 39. Qh7+ Kg5 40. Rg7+ Rxg7 41. Qxg7+ Kf5 42. Qf7+ Kg5 43. Qe7+ Kf5 44. d8=Q Rxd8 45. Qxd8 {[%emt 0:00:00] normal Kg5} 1-0

[Event "DVM U20w 2019"]
[Site "Braunschweig"]
[Date "2019.12.27"]
[Round "2"]
[White "Caliebe, Nanke"]
[Black "Danilova, Sofia"]
[Result "1-0"]
[ECO "A48"]
[WhiteElo "1538"]
[BlackElo "980"]
[Annotator "NA"]
[PlyCount "87"]
[EventDate "2019.12.27"]
[EventType "team-tourn"]
[EventRounds "7"]
[EventCountry "GER"]
[SourceTitle "playchess.com"]
[Source "ChessBase"]
[SourceQuality "1"]
[WhiteTeam "TuRa Harksheide Norderstedt"]
[BlackTeam "SV Lingen"]
[TimeControl "40/5400+30:1800+30"]

1. d4 g6 2. Nf3 Nf6 3. Bf4 Bg7 4. e3 O-O 5. h3 d5 6. c4 c6 7. Nc3 Bf5 8. Be2 Nbd7 9. Qb3 Nb6 10. c5 Nc4 11. Bxc4 dxc4 12. Qxc4 b5 13. cxb6 Qxb6 14. b3 Rac8 15. O-O c5 16. Na4 Qa5 17. Nxc5 Qa3 18. Qa4 Qxa4 19. Nxa4 Ne4 20. Rac1 Rfd8 21. Rfd1 Bf6 22. Nb2 Nc3 23. Re1 Nxa2 24. Ra1 Nb4 25. Rxa7 Rc2 26. Nc4 Rc8 27. e4 Be6 28. d5 Nd3 29. dxe6 Nxe1 30. exf7+ Kxf7 31. Nxe1 Bd4 32. Rxe7+ Kxe7 33. Nxc2 Bc5 34. N2e3 Ra8 35. Nd5+ Kf7 36. Ne5+ Kg7 37. b4 Ra1+ 38. Kh2 Bxf2 39. Be3 Bh4 40. Nf3 Bd8 41. Bd4+ Kh6 42. Bxa1 Kh5 43. Bg7 h6 44. Nf4# {[%emt 0:00:13] normal} 1-0

[Event "DVM U20w 2019"]
[Site "Braunschweig"]
[Date "2019.12.27"]
[Round "2"]
[White "Hallfarth, Luise"]
[Black "Nanthivarman, Merymuthu"]
[Result "1-0"]
[ECO "B35"]
[WhiteElo "1517"]
[BlackElo "1260"]
[Annotator "NA"]
[PlyCount "89"]
[EventDate "2019.12.27"]
[EventType "team-tourn"]
[EventRounds "7"]
[EventCountry "GER"]
[SourceTitle "playchess.com"]
[Source "ChessBase"]
[SourceQuality "1"]
[WhiteTeam "SK Nordhorn-Blanke"]
[BlackTeam "OSG Baden-Baden"]
[TimeControl "40/5400+30:1800+30"]

1. e4 c5 2. Nf3 Nc6 3. d4 cxd4 4. Nxd4 g6 5. Nc3 Bg7 6. Be3 Nf6 7. Bc4 O-O 8. Bb3 d6 9. Qd2 Ng4 10. Nxc6 bxc6 11. Bd4 e5 12. Be3 Nxe3 13. Qxe3 Bb7 14. Rd1 Qc7 15. h4 c5 16. Nd5 Qd7 17. h5 gxh5 18. Rxh5 Qg4 19. Rg5 Qh4 20. Kd2 Kh8 21. Qg3 Qxg3 22. Rxg3 Bh6+ 23. Kd3 Bxd5 24. Bxd5 Rab8 25. Rh3 Rfd8 26. Rxh6 Kg7 27. Rdh1 Rh8 28. Rxd6 Rxb2 29. Ra6 Rbb8 30. Rxa7 Rbf8 31. Rc7 Kg6 32. a4 f5 33. f3 fxe4+ 34. Bxe4+ Kf6 35. Rxc5 Rfg8 36. Rc6+ Ke7 37. a5 Rxg2 38. a6 Rgg8 39. a7 Rd8+ 40. Kc3 Rc8 41. Rxc8 Rxc8+ 42. Kd3 Rg8 43. Rxh7+ Kf6 44. a8=Q Rxa8 45. Bxa8 {[%emt 0:00:08] normal} 1-0

[Event "DVM U20w 2019"]
[Site "Braunschweig"]
[Date "2019.12.27"]
[Round "2"]
[White "Malinowsky, Celina"]
[Black "Zoll, Cindy"]
[Result "1-0"]
[ECO "C01"]
[WhiteElo "1293"]
[BlackElo "1387"]
[Annotator "NA"]
[PlyCount "23"]
[EventDate "2019.12.27"]
[EventType "team-tourn"]
[EventRounds "7"]
[EventCountry "GER"]
[SourceTitle "playchess.com"]
[Source "ChessBase"]
[SourceQuality "1"]
[WhiteTeam "SK Doppelbauer Kiel"]
[BlackTeam "SG Güstrow/Teterow"]
[TimeControl "40/5400+30:1800+30"]

1. e4 e6 2. d4 d5 3. exd5 exd5 4. Bd3 Bd6 5. Nf3 Bg4 6. Nbd2 Nf6 7. O-O O-O 8. Re1 Nc6 9. c3 Re8 10. Qc2 Qd7 11. h3 Bh5 12. Kf1 {normal} 1-0

[Event "DVM U20w 2019"]
[Site "Braunschweig"]
[Date "2019.12.27"]
[Round "2"]
[White "Kessen, Fanny"]
[Black "Sereda, Yaroslava"]
[Result "1/2-1/2"]
[ECO "B25"]
[WhiteElo "1265"]
[BlackElo "1726"]
[Annotator "NA"]
[PlyCount "109"]
[EventDate "2019.12.27"]
[EventType "team-tourn"]
[EventRounds "7"]
[EventCountry "GER"]
[SourceTitle "playchess.com"]
[Source "ChessBase"]
[SourceQuality "1"]
[WhiteTeam "SC Borussia Lichtenberg"]
[BlackTeam "SG Solingen"]
[TimeControl "40/5400+30:1800+30"]

1. e4 c5 2. d3 Nc6 3. Nc3 d6 4. g3 g6 5. Bg2 Bg7 6. Nge2 Nf6 7. O-O O-O 8. h3 Bd7 9. Be3 Ne8 10. Qd2 Nc7 11. Bh6 Ne6 12. Bxg7 Kxg7 13. f4 Ned4 14. Nd1 Nxe2+ 15. Qxe2 Qb6 16. Kh1 Nd4 17. Qd2 f5 18. c3 Nc6 19. Ne3 e6 20. Nc4 Qc7 21. Rae1 b5 22. Ne3 Rae8 23. Nc2 Ne7 24. Kh2 Bc6 25. Qd1 Qb7 26. Qe2 a5 27. b4 axb4 28. cxb4 Qa8 29. Ra1 Qb7 30. Rfe1 Ng8 31. Qd2 Qa8 32. Qc3+ Nf6 33. bxc5 dxc5 34. Qxc5 fxe4 35. dxe4 Bxe4 36. Bxe4 Nxe4 37. Qxb5 e5 38. Qb2 Rf6 39. Rad1 Kh8 40. fxe5 Rf2+ 41. Kg1 Qa7 42. Qd4 Qxa2 43. Qxe4 Rxc2 44. Qf3 Qa7+ 45. Qe3 Qb7 46. Rd2 Rec8 47. e6 Rxd2 48. Qxd2 Qa7+ 49. Qe3 Qxe3+ 50. Rxe3 Re8 51. Kf2 Kg7 52. Kf3 Kf6 53. Kg4 h6 54. h4 Rxe6 55. Rxe6+ {[%emt 0:02:39] normal} 1/2-1/2

[Event "DVM U20w 2019"]
[Site "Braunschweig"]
[Date "2019.12.27"]
[Round "2"]
[White "Stephan, Lia"]
[Black "Oberhofer, Marie"]
[Result "0-1"]
[ECO "B23"]
[WhiteElo "1232"]
[BlackElo "1700"]
[Annotator "NA"]
[PlyCount "55"]
[EventDate "2019.12.27"]
[EventType "team-tourn"]
[EventRounds "7"]
[EventCountry "GER"]
[SourceTitle "playchess.com"]
[Source "ChessBase"]
[SourceQuality "1"]
[WhiteTeam "SG Blau-Weiß Stadtilm"]
[BlackTeam "SC Bavaria Regensburg"]
[TimeControl "40/5400+30:1800+30"]

1. e4 c5 2. Nc3 Nc6 3. Nge2 g6 4. g3 Bg7 5. Bg2 d6 6. d3 e6 7. h4 h5 8. O-O Nge7 9. Be3 O-O 10. Qd2 Nd4 11. Nf4 Rb8 12. Nce2 Nxe2+ 13. Qxe2 Bxb2 14. Rab1 Bg7 15. Nh3 Qc7 16. f4 Bd7 17. c4 b5 18. cxb5 Bxb5 19. Rfc1 Bd7 20. Rxb8 Rxb8 21. Rc2 Qa5 22. Qd2 Qxd2 23. Rxd2 Nc6 24. Ng5 Rb2 25. Rxb2 Bxb2 26. e5 dxe5 27. Bxc6 Bxc6 28. Bxc5 {[%emt 0:00:36] normal} 0-1

[Event "DVM U20w 2019"]
[Site "Braunschweig"]
[Date "2019.12.27"]
[Round "2"]
[White "Stelter, Finja"]
[Black "Kung, Fanny"]
[Result "0-1"]
[ECO "B01"]
[WhiteElo "1054"]
[BlackElo "1426"]
[Annotator "NA"]
[PlyCount "150"]
[EventDate "2019.12.27"]
[EventType "team-tourn"]
[EventRounds "7"]
[EventCountry "GER"]
[SourceTitle "playchess.com"]
[Source "ChessBase"]
[SourceQuality "1"]
[WhiteTeam "SK Lehrte 1919"]
[BlackTeam "Leegebrucher SF"]
[TimeControl "40/5400+30:1800+30"]

1. e4 d5 2. exd5 Qxd5 3. Nc3 Qd6 4. Nf3 Nf6 5. d4 a6 6. g3 Bg4 7. Bg2 Nc6 8. a3 e6 9. Bf4 Qd7 10. Qd2 Bd6 11. Ne5 Bxe5 12. dxe5 Qxd2+ 13. Kxd2 O-O-O+ 14. Kc1 Nd5 15. Nxd5 exd5 16. Bg5 Rd7 17. Re1 Re8 18. f3 Bf5 19. g4 Bg6 20. h4 Nd4 21. Rd1 Nxc2 22. Ra2 h6 23. h5 hxg5 24. hxg6 Ne3 25. Rd2 Nxg2 26. Rxg2 Rxe5 27. b4 f5 28. Rae2 Rde7 29. Kd2 f4 30. Rxe5 Rxe5 31. Re2 Rxe2+ 32. Kxe2 Kd7 33. Kd3 Kd6 34. Kd4 b6 35. a4 c5+ 36. bxc5+ bxc5+ 37. Kd3 Kc6 38. Kc3 Kb6 39. Kb3 Ka5 40. Ka3 c4 41. Kb2 Kxa4 42. Kc3 Kb5 43. Kd4 Kb4 44. Kxd5 c3 45. Ke6 c2 46. Kf7 c1=Q 47. Kxg7 Qc7+ 48. Kh6 a5 49. g7 Qxg7+ 50. Kxg7 a4 51. Kg6 a3 52. Kxg5 a2 53. Kxf4 a1=Q 54. g5 Qg7 55. Kf5 Kc5 56. g6 Kd5 57. Kg5 Ke6 58. f4 Ke7 59. f5 Qh8 60. Kf4 Kf6 61. Kg4 Qh6 62. Kf3 Kxf5 63. g7 Qxg7 64. Ke3 Qg4 65. Kd3 Ke5 66. Kc3 Kd5 67. Kd2 Qh3 68. Ke2 Ke4 69. Kd2 Qg3 70. Kc2 Kd4 71. Kb2 Kc4 72. Ka2 Kb4 73. Kb2 Qh2+ 74. Kc1 Kc3 75. Kd1 Qd2# {normal} 0-1

[Event "DVM U20w 2019"]
[Site "Braunschweig"]
[Date "2019.12.27"]
[Round "2"]
[White "Cerkez, Lorena"]
[Black "Peglau, Dora"]
[Result "0-1"]
[ECO "B24"]
[WhiteElo "1000"]
[BlackElo "1502"]
[Annotator "NA"]
[PlyCount "83"]
[EventDate "2019.12.27"]
[EventType "team-tourn"]
[EventRounds "7"]
[EventCountry "GER"]
[SourceTitle "playchess.com"]
[Source "ChessBase"]
[SourceQuality "1"]
[WhiteTeam "Düsseldorfer SK"]
[BlackTeam "Schachzentrum Seeblick"]
[TimeControl "40/5400+30:1800+30"]

1. e4 c5 2. Nc3 Nc6 3. Bb5 g6 4. Bxc6 bxc6 5. d3 Bg7 6. Be3 d6 7. Qd2 Nf6 8. h3 Rb8 9. Rb1 O-O 10. Nge2 Qa5 11. O-O Bb7 12. d4 cxd4 13. Nxd4 c5 14. Nde2 Qc7 15. Ng3 Bc6 16. Rfd1 Rb6 17. Bh6 Qb7 18. Bxg7 Kxg7 19. b3 Nxe4 20. Ngxe4 Bxe4 21. Nxe4 Qxe4 22. Re1 Qb7 23. Qc3+ Kg8 24. Re3 Rc8 25. Rg3 c4 26. Qd2 cxb3 27. axb3 Qc7 28. c4 Qb7 29. Qe2 Rb4 30. h4 Rcxc4 31. bxc4 Rxb1+ 32. Kh2 Rb2 33. Qf1 Qe4 34. h5 Rb1 35. Qd3 Qe1 36. Re3 Qh1+ 37. Kg3 Rg1 38. Qd5 Rd1 39. Qa8+ Kg7 40. Rxe7 Rd3+ 41. f3 {[%emt 0:35:40] normal} Rd2 {[%emt 0:31:22] normal} 42. h6+ {[%emt 0:02:51] normal} 0-1

[Event "DVM U20w 2019"]
[Site "Braunschweig"]
[Date "2019.12.27"]
[Round "2"]
[White "Prölß, Clara"]
[Black "Wilhelm, Anna-Lena"]
[Result "0-1"]
[ECO "B50"]
[WhiteElo "1000"]
[BlackElo "1291"]
[Annotator "NA"]
[PlyCount "56"]
[EventDate "2019.12.27"]
[EventType "team-tourn"]
[EventRounds "7"]
[EventCountry "GER"]
[SourceTitle "playchess.com"]
[Source "ChessBase"]
[SourceQuality "1"]
[WhiteTeam "SC Bavaria Regensburg"]
[BlackTeam "SG Blau-Weiß Stadtilm"]
[TimeControl "40/5400+30:1800+30"]

1. e4 c5 2. Nf3 d6 3. Bc4 Nf6 4. Nc3 e6 5. O-O Be7 6. d4 d5 7. exd5 exd5 8. Nxd5 Nxd5 9. dxc5 Be6 10. Be3 O-O 11. Bd3 Nxe3 12. fxe3 Bxc5 13. Be4 Bxe3+ 14. Kh1 Nc6 15. Ng1 Qh4 16. Qf3 Bd4 17. c3 Ne5 18. Qf4 Qxf4 19. Rxf4 Be3 20. Rh4 f5 21. Bxb7 Nd3 22. h3 g5 23. Rh6 Rae8 24. Rxe6 Bf4 25. Rf1 Kg7 26. Rxe8 Rxe8 27. Rf3 {[%emt 0:01:21] normal} Re3 {[%emt 0:01:29] normal} 28. Rxe3 Nf2# {normal} 0-1

[Event "DVM U20w 2019"]
[Site "Braunschweig"]
[Date "2019.12.28"]
[Round "3"]
[White "Bardorz, Jana"]
[Black "Miljkovic, Jovana"]
[Result "0-1"]
[ECO "B93"]
[WhiteElo "2054"]
[BlackElo "2021"]
[Annotator "NA RC"]
[PlyCount "42"]
[EventDate "2019.12.27"]
[EventType "team-tourn"]
[EventRounds "7"]
[EventCountry "GER"]
[SourceTitle "playchess.com"]
[Source "ChessBase"]
[SourceQuality "1"]
[WhiteTeam "SC Bavaria Regensburg"]
[BlackTeam "SV Lingen"]
[TimeControl "40/5400+30:1800+30"]

1. e4 c5 2. Nf3 d6 3. d4 cxd4 4. Nxd4 Nf6 5. Nc3 a6 6. f4 e5 7. Nf3 Nbd7 {[%emt 0:00:00] unterminated} 8. a4 d5 {[%emt 0:00:02] unterminated} 9. exd5 e4 {[%emt 0:01:34] unterminated} 10. Ne5 {[%emt 0:04:21] unterminated} Bc5 {[%emt 0:11:51] unterminated} 11. Bc4 {[%emt 0:09:00] unterminated} O-O {[%emt 0:15:44] unterminated} 12. Qe2 {[%emt 0:06:25] unterminated} Nxe5 {[%emt 0:10:19] unterminated} 13. fxe5 {[%emt 0:01:19] unterminated} Ng4 {[%emt 0:10:41] unterminated} 14. Bf4 {[%emt 0:06:17] unterminated} Qb6 {[%emt 0:13:08] unterminated} 15. O-O-O {[%emt 0:06:41] unterminated} Nf2 $1 {[%emt 0:02:56] Double Attack} 16. Nxe4 $19 (16. h3 $1 $14 {stays ahead.}) 16... Bg4 17. Qd2 Nxe4 18. Qe1 Nf2 19. Rd3 Qb4 20. Qxb4 Nxd3+ 21. Bxd3 Bxb4 {[%emt 0:00:05] normal} 0-1